 Dungeon Crawl Stone Soup version 0.20-a0-971-g5896763 (webtiles) character file.

320 Hybris the Poker (level 6, -5/65 HPs)
             Began as an Ogre Gladiator on Apr 8, 2017.
             Slain by a sky beast (6 damage)
             ... on level 4 of the Dungeon.
             The game lasted 00:06:29 (3709 turns).

Hybris the Poker (Ogre Gladiator)                   Turns: 3709, Time: 00:06:30

Health: -5/65      AC: 10    Str: 21    XL:     6   Next: 46%
Magic:  6/6        EV: 10    Int:  9    God:
Gold:   204        SH:  0    Dex: 10    Spells: 5/5 levels left

rFire    . . .     SeeInvis .   a - +0 trident
rCold    . . .     Gourm    .   (no shield)
rNeg     . . .     Faith    .   b - +0 robe
rPois    .         Spirit   .   c - +0 hat
rElec    .         Reflect  .   w - +1 cloak {+Inv}
rCorr    .         Harm     .   (gloves unavailable)
MR       .....                  (boots unavailable)
Stlth    +.........             (no amulet)
Regen    0.2/turn               l - +5 ring of protection
MPRegen  0.1/turn               (no ring)

@: hasted, heavily drained, very quick
A: unfitting armour, tough skin 1
a: Evoke Invisibility


You were on level 4 of the Dungeon.
You were not hungry.

You visited 1 branch of the dungeon, and saw 5 of its levels.

You collected 204 gold pieces.

Inventory:

Hand Weapons
 a - a +0 trident (weapon)
Missiles
 d - 3 throwing nets (quivered)
Armour
 b - a +0 robe (worn)
 c - a +0 hat (worn)
 w - a +1 cloak of invisibility (worn)
Jewellery
 l - a +5 ring of protection (left hand)
Scrolls
 e - 3 scrolls of remove curse
 g - 2 scrolls of identify {unknown}
 h - 5 scrolls of teleportation
 i - a scroll of immolation {unknown}
 j - 2 scrolls of amnesia {unknown}
 k - a scroll of recharging
 n - 2 scrolls of enchant armour {unknown}
 q - a scroll of noise {unknown}
 r - a scroll of blinking {unknown}
Potions
 p - a potion of haste
 s - 3 potions of heal wounds {unknown}
 t - 2 potions of flight {unknown}
 u - 2 potions of curing {unknown}
 x - a potion of brilliance {unknown}
 A - a potion of mutation {unknown}
Books
 y - a book of Callings

   Spells                             Type                      Level
   a - Summon Small Mammal            Summoning                    1
   b - Call Imp                       Summoning                    2
   c - Call Canine Familiar           Summoning                    3
   d - Summon Guardian Golem          Hexes/Summoning              3
   e - Summon Lightning Spire         Summoning/Air                4
   f - Summon Ice Beast               Ice/Summoning                4
Comestibles
 f - 5 bread rations
 m - 5 meat rations
 o - 2 fruits
 v - a royal jelly


   Skills:
 + Level 4.9(3.4) Fighting
 * Level 5.8(4.2) Polearms
 - Level 2.0(0.6) Throwing
 - Level 3.2(1.8) Dodging
 - Level 0.5(0.0) Evocations


You had 5 spell levels left.
You didn't know any spells.

Dungeon Overview and Level Annotations

Branches:
Dungeon (5/15)
 Temple: D:4-7

Altars:
Fedhas
Nemelex Xobeh
Sif Muna
Wu Jian
Xom
Zin

Annotations:
D:5 Blork the orc


Innate Abilities, Weirdness & Mutations

You are too large for most types of armour.
You have tough skin. (AC +1)


Message History

You barely miss the sky beast.
The sky beast is heavily wounded.
The sky beast flickers out of sight!
Deactivating autopickup; reactivate with Ctrl-A.
Something hits you. Something shocks you.
You barely miss something. Something hits you. Something shocks you.
You miss something.
You feel sick.
You are no longer poisoned.
Something hits you.
* * * LOW HITPOINT WARNING * * *
Something shocks you.
* * * LOW HITPOINT WARNING * * *
You barely miss something. Something hits you.
* * * LOW HITPOINT WARNING * * *
Something shocks you.
* * * LOW HITPOINT WARNING * * *
It was a potion of haste.
You feel yourself speed up. Something hits you.
* * * LOW HITPOINT WARNING * * *
Something shocks you.
You die...

..P#P.##.......#.# #.##......
...##.##.......#.#######.##.####.
.#.###.#.......#......##.##.# #.
.#+###.#.......######.##.##.# #.
#....#.#...........##.###...####.
+....+..#..........##...#...##...
#....#.............##...#...##.#.
+...............{.......#...#....
#.....#.#####...@.###...'.....##.
#.....#.#...'.....# ###.#...#.##.
####..#.#.###.....# #......#.##.
#######.#.######.## #....###.##.
........#.#......# #....#......
#########.#.###### ##+#.....### #
#.#.# #.......... ## #.#.#
############.###.. .#
#.#.####........# #.###..


There were no monsters in sight!

Vanquished Creatures
  A scorpion (D:4)
  A hound (D:4)
  Jessica (D:2)
  3 worker ants (D:4)
  Robin (D:3)
  4 adders
  A howler monkey skeleton (D:4)
  An ooze (D:2)
  3 worms
  3 leopard geckos
  An orc (D:3)
  3 giant cockroaches
  18 goblins
  8 hobgoblins
  7 kobolds
  4 ball pythons
  A ball python skeleton (D:4)
  7 bats
  5 frilled lizards
  5 rats
78 creatures vanquished.

Notes
Turn   | Place    | Note
-------+----------+-------------------------------------------
     0 | D:1      | Hybris the Ogre Gladiator began the quest for the Orb.
     0 | D:1      | Reached XP level 1. HP: 22/22 MP: 1/1
   179 | D:1      | Reached XP level 2. HP: 28/29 MP: 2/2
   901 | D:2      | Reached XP level 3. HP: 34/37 MP: 3/3
   962 | D:2      | Found an ornate altar of the Wu Jian Council.
  1180 | D:2      | Reached skill level 4 in Polearms
  1304 | D:2      | Noticed Jessica
  1316 | D:2      | Killed Jessica
  1316 | D:2      | Reached XP level 4. HP: 41/48 MP: 4/4
  1901 | D:3      | Noticed Robin
  1931 | D:3      | Killed Robin
  1953 | D:3      | Reached XP level 5. HP: 26/54 MP: 5/5
  2811 | D:3      | Found a blossoming altar of Fedhas.
  2812 | D:3      | Found a sparkling altar of Nemelex Xobeh.
  2947 | D:4      | Found a deep blue altar of Sif Muna.
  2949 | D:4      | Found a shimmering altar of Xom.
  2950 | D:4      | Found a glowing silver altar of Zin.
  3015 | D:4      | Reached skill level 5 in Polearms
  3082 | D:4      | Reached XP level 6. HP: 55/63 MP: 6/6
  3635 | D:5      | Entered Level 5 of the Dungeon
  3639 | D:5      | Noticed Blork the orc
  3684 | D:5      | Noticed a sky beast
  3708 | D:4      | HP: 2/65 [something (6)]
  3709 | D:4      | Slain by a sky beast

Vault maps used:
D:1:      minmay_arrival_plants_in_alcoves
D:2:      nicolae_overflow_hidden_temple, uniq_jessica
D:3:      gammafunk_temple_overflow_statue, first_bread, uniq_robin
D:4:      gammafunk_temple_overflow_forgotten
D:5:      cheibrodos_helix_gallery, minmay_temple_entry_glass,
          uniq_blork_the_orc

Skill      XL: |  1  2  3  4  5 |
---------------+----------------+-----
Fighting       | 3 4 |  4.9
Dodging        | 3 |  3.2
Polearms       | 4 5 |  5.8
Throwing       | |  2.0
Evocations     | |  0.5

Action                   |  1- 3 |  4- 6 || total
-------------------------+-------+-------++-------
Melee: Trident           |   125 |   178 ||   303
  Use: Scroll            |       |     3 ||     3
       Potion            |       |     1 ||     1
 Stab: Sleeping          |       |     1 ||     1
       Distracted        |       |     1 ||     1
  Eat: Chunk             |     1 |     8 ||     9
Armor: Robe              |    34 |    74 ||   108
Dodge: Dodged            |    51 |    86 ||   137
